[Event "87th Tata Steel Challengers 2025"]
[Site "Wijk aan Zee"]
[Date "2025.01.20"]
[Round "3.1"]
[White "Gurel, Ediz"]
[Black "Pijpers, Arthur"]
[Result "1-0"]
[Annotator "TA"]
[ECO "B76"]
[WhiteElo "2624"]
[BlackElo "2474"]
[PlyCount "93"]
[EventDate "2025.01.13"]
[EventType "tourn"]
[EventCountry "NED"]
[SourceTitle "playchess.com"]
[Source "ChessBase"]
[SourceQuality "1"]
[TimeControl "40/6000+30:20/3000+30:900+30"]

1. e4 c5 2. Nf3 d6 3. d4 cxd4 4. Nxd4 Nf6 5. Nc3 g6 6. Be3 Bg7 7. f3 Nc6 8. Qd2 O-O 9. O-O-O d5 10. exd5 Nxd5 11. Nxc6 bxc6 12. Bd4 Bxd4 13. Qxd4 Qb6 14. Na4 Qc7 15. Nc5 Rd8 16. Bc4 Bf5 17. Bb3 $1 Nb6 18. Qc3 Qf4+ 19. Kb1 {[%emt 0:00:16] Some like it hot} Nd5 20. Bxd5 cxd5 21. g4 d4 22. Qd2 $1 Qc7 23. Nb3 Bc8 24. Nxd4 Bb7 {[%emt 0:00:04][%cal Ob7f3] aiming for ...Bxf3!.} 25. Qe3 e5 26. Nb3 $1 Qb6 27. Qe2 (27. Qxe5 Bxf3 28. Rxd8+ Rxd8 $15) 27... a5 28. Rxd8+ Rxd8 29. a4 Qf6 {[%emt 0:16:29] [#]} 30. Rd1 $1 ({Much weaker is} 30. Nxa5 $6 Bxf3 31. Qf2 e4 $11) 30... Rxd1+ (30... Bxf3 $2 31. Rxd8+ Qxd8 32. Qxf3 $18) 31. Qxd1 $16 {[%emt 0:00:08][%mdl 4096] Endgame KQB-KQN. White is a pawn up.} Kg7 32. Nd2 Qf4 33. Qe2 h5 34. gxh5 gxh5 35. Ne4 h4 36. b4 f5 37. Qb5 Bxe4 38. fxe4 fxe4 (38... h3 $11) 39. bxa5 $11 {[%emt 0:00:21] KQ-KQ. White is a pawn up.} (39. Qxa5 e3 40. h3 Qf1+ 41. Ka2 (41. Kb2 $2 e2 $19) 41... e2 42. Qxe5+ Kf7 43. Qh5+ Ke6 44. Qh6+ Ke5 45. Qh5+ (45. Qxh4 $2 e1=Q $19) 45... Ke4 46. Qxh4+ Qf4 $19) 39... e3 {[%emt 0:00:01] [#]} 40. a6 $1 {[%emt 0:01:43] and Qb7+ should not be overlooked} Qxh2 $2 (40... Qe4 $16 41. Qb7+ Qxb7+ 42. axb7 e2) 41. Qb7+ Kh6 42. a7 e2 43. a8=Q e1=Q+ 44. Kb2 Qhf2 45. Qh8+ Kg5 46. Qbg7+ Kf4 47. Qhf8+ 1-0

[Event "87th Tata Steel Challengers 2025"]
[Site "Wijk aan Zee"]
[Date "2025.01.20"]
[Round "3.2"]
[White "Nogerbek, Kazybek"]
[Black "Vaishali, Rameshbabu"]
[Result "1-0"]
[Annotator "TA"]
[ECO "D35"]
[WhiteElo "2514"]
[BlackElo "2476"]
[PlyCount "89"]
[EventDate "2025.01.13"]
[EventType "tourn"]
[EventCountry "NED"]
[SourceTitle "playchess.com"]
[Source "ChessBase"]
[SourceQuality "1"]
[TimeControl "40/6000+30:20/3000+30:900+30"]

1. d4 d5 2. Nf3 Nf6 3. c4 e6 4. Nc3 c6 5. Bg5 Nbd7 6. cxd5 exd5 7. e3 h6 8. Bh4 g5 9. Bg3 Nh5 10. Bd3 Nxg3 11. hxg3 Bg7 12. Qc2 Nb6 13. O-O h5 14. e4 g4 15. Nh4 $1 Bxd4 {[%emt 0:07:57] [#]} (15... dxe4 $14 16. Nxe4 O-O) 16. exd5 $1 $18 O-O (16... Nxd5 $6 17. Rae1+ Kf8 18. Bc4 $16) 17. dxc6 bxc6 18. Rad1 c5 $2 {[%emt 0:05:04] [#]} (18... Qf6 19. Rfe1 Bxc3 20. Bh7+ (20. Qxc3 Qxc3 21. bxc3 Kg7 $14) (20. bxc3 Be6 $16) 20... Kg7 21. bxc3 Be6) 19. b4 $1 Qc7 (19... Qf6 20. Ne4) 20. Ne2 Bf6 21. bxc5 Nd7 22. Qc1 Nxc5 23. Bb1 {[%emt 0:02:32] Qh6 would kill now.} ({Weaker is} 23. Qh6 Nxd3 24. Qxf6 Qe5 $18) 23... Re8 $2 (23... Bxh4 24. gxh4 Qe5) 24. Nf4 Bxh4 25. gxh4 $2 (25. Nd5 Qc6 26. gxh4) 25... Ne6 {[%emt 0:01:01] Threatens to win with ...Qxc1.} 26. Nxh5 Qxc1 27. Nf6+ Kf8 28. Rxc1 Rd8 29. Be4 (29. Nxg4 Nd4 30. Ne3 Ne2+ 31. Kh2 Nxc1 32. Rxc1 Be6 $16) 29... Rb8 30. Rb1 {[%emt 0:00:08] White is much more active.} (30. Nxg4 $6 Nd4 31. Bf3 Nxf3+ 32. gxf3 Rb4 $11) 30... Rxb1 31. Rxb1 Nf4 32. Rb5 Be6 33. Nh7+ Ke7 34. Ng5 Bxa2 35. Ra5 Bc4 (35... Rd2 $16) 36. Rxa7+ Kf6 37. Kh2 Ng6 (37... Ne2 $16 38. Ra4 Bb5) 38. Kg3 Ne5 39. Ra5 Rd2 40. Bb7 {[%emt 0:04:02] and Ne4+ would now be decisive} Rb2 (40... Rd1 $142 41. Be4 Re1 42. Nh7+ Ke6) 41. Ne4+ Kg6 42. Rxe5 Rxb7 43. Rg5+ (43. Kxg4 f5+ 44. Rxf5 Be6 $16) 43... Kh6 44. Nf6 ({Don't do} 44. Rxg4 $6 f5 $16) 44... Rb3+ 45. Kh2 (45. Kxg4 Bf1) 1-0

[Event "87th Tata Steel Challengers 2025"]
[Site "Wijk aan Zee"]
[Date "2025.01.20"]
[Round "3.3"]
[White "Nguyen, Thai Dai Van"]
[Black "Yakubboev, Nodirbek"]
[Result "1-0"]
[Annotator "TA"]
[ECO "D40"]
[WhiteElo "2668"]
[BlackElo "2659"]
[PlyCount "87"]
[EventDate "2025.01.13"]
[EventType "tourn"]
[EventCountry "NED"]
[SourceTitle "playchess.com"]
[Source "ChessBase"]
[SourceQuality "1"]
[TimeControl "40/6000+30:20/3000+30:900+30"]

1. d4 Nf6 2. c4 e6 3. Nc3 Bb4 4. e3 O-O 5. Bd3 d5 6. Nf3 dxc4 7. Bxc4 c5 8. O-O Nc6 9. dxc5 Bxc5 10. Qe2 Qc7 11. a3 a6 12. b4 Bd6 13. Bb2 Bd7 14. Rac1 Rac8 15. Bd3 Qb8 16. Na4 (16. Ne4 $14 Nxe4 17. Bxe4) 16... Nd4 17. exd4 Bxa4 {[%emt 0:00:48] [#]} 18. d5 $1 e5 (18... exd5 $6 19. Rxc8 Rxc8 20. Bxf6 gxf6 21. Nd4 $18) 19. Nxe5 Rxc1 20. Rxc1 Re8 $1 21. f4 Bb3 22. Bc4 Bxc4 (22... Qa7+ $1 $11 23. Kh1 Bxc4 24. Rxc4 a5) 23. Qxc4 $14 Qd8 24. Rd1 Qc8 (24... h5 $14) 25. Qd3 $16 b5 26. Rc1 Qb7 27. Rc6 Rd8 {[%emt 0:00:34] [#] ...Bxe5 would now be deadly.} 28. Nf3 $1 {[%emt 0:00:49] White is much more active.} (28. h3 Bb8 $14) 28... Bxf4 (28... Be7 $16) 29. Bxf6 $18 gxf6 {[%emt 0:00:01] [#]} 30. Qe4 $1 $36 {[%emt 0:01:42][%mdl 2048] Keeping Black busy.} Qa7+ 31. Kf1 Qe3 32. Qxe3 Bxe3 {[%emt 0:00:01][%mdl 4096] Endgame KRB-KRN} 33. Nh4 (33. Rxa6 Rxd5 34. Ra8+ (34. Rxf6 Bc1 $11) 34... Kg7 $11) 33... h5 (33... Rxd5 $16 {was necessary.} 34. Rc8+ Kg7) 34. Nf5 (34. Rxa6 Rxd5 35. g3 (35. Rxf6 Bg5 $14) 35... Bc1 $14) (34. Rxf6 Bg5 (34... Rxd5 35. Rxa6 Bc1 36. Ra8+ Kg7 37. Ra5 $16) 35. Rxa6 Bxh4 $15) 34... Bf4 35. Rxa6 Kh7 36. Rxf6 (36. d6 $6 Be5 37. h3 Kg6 $18) 36... Bg5 37. Rd6 {[%emt 0:01:14] Strongly threatening Rxd8.} ({Not} 37. Rxf7+ Kg6 38. Rb7 Kxf5 39. Rxb5 Ke4 $11) 37... Ra8 38. Rb6 ({But not} 38. h4 Bf4 39. Rc6 Rxa3 $18) 38... Rxa3 39. Rxb5 h4 40. d6 Rd3 {[%emt 0:00:02] [#]} 41. Nxh4 $1 Bxh4 42. Rh5+ Kg6 43. Rxh4 Rxd6 44. Ke2 1-0

[Event "87th Tata Steel Challengers 2025"]
[Site "Wijk aan Zee"]
[Date "2025.01.20"]
[Round "3.4"]
[White "L'Ami, Erwin"]
[Black "Bok, Benjamin"]
[Result "1-0"]
[Annotator "TA"]
[ECO "D43"]
[WhiteElo "2614"]
[BlackElo "2583"]
[PlyCount "73"]
[EventDate "2025.01.13"]
[EventType "tourn"]
[EventCountry "NED"]
[SourceTitle "playchess.com"]
[Source "ChessBase"]
[SourceQuality "1"]
[TimeControl "40/6000+30:20/3000+30:900+30"]

1. d4 Nf6 2. c4 e6 3. Nf3 d5 4. Bg5 h6 5. Bxf6 Qxf6 6. Nc3 c6 7. e3 Nd7 8. Be2 dxc4 9. Bxc4 g6 10. O-O Bg7 11. e4 O-O 12. e5 Qe7 13. Re1 Rd8 14. Qe2 b5 15. Bd3 b4 16. Na4 $1 c5 17. Rac1 Bb7 (17... cxd4 18. Rc7 $16) 18. Nxc5 Nxc5 19. dxc5 {[%emt 0:00:58] And now c6 would win.} (19. Rxc5 Rxd4 20. Nxd4 Qxc5 $17) 19... Bxf3 20. Qxf3 ({But not} 20. gxf3 Rac8 $15) 20... Rac8 {[%emt 0:00:08] Black is weak on the light squares} (20... Qc7 {simplifies} 21. Qe3 Bxe5 22. Qxe5 Qxe5 23. Rxe5 Rxd3 24. Kf1 Rd7) 21. c6 Rd5 22. Ba6 $36 {[%emt 0:03:48][%mdl 2048] White is pushing.} Rc7 23. Qg3 Ra5 24. Bb7 Rxa2 25. Qb3 Ra5 26. f4 g5 27. g3 $1 Bf8 (27... Rd5 $14) 28. Red1 {[%emt 0:03:32] White is more active.} Rxb7 (28... Rc5 $142) 29. cxb7 $16 Qxb7 30. Qe3 {[%emt 0:02:08] Wards off Bc5} Be7 31. Rd3 Ra2 32. Qf2 b3 {[%emt 0:00:46] [#]} (32... Ra5 $16 {was worth a try.}) 33. fxg5 $1 $18 Bxg5 (33... Ra5 $142) 34. Rf1 h5 {[%emt 0:00:29] [#]} (34... Qb6 $142 35. Kg2 (35. Qxb6 axb6 36. Rxb3 Be7 $18) 35... Qxf2+ 36. Rxf2 Kg7 37. Rxb3 f5 38. exf6+ Bxf6) 35. Rxb3 $3 Qd7 (35... Qc7 36. Qf3) 36. Rf3 (36. h4 $142 Ra5 37. hxg5 Rxe5 38. Rb8+ Kh7 39. Qc2+ (39. Qxf7+ Qxf7 40. Rxf7+ Kg6 $18) 39... f5 40. gxf6+ Rf5 41. Rxf5 exf5 42. Qc4) 36... f5 (36... Qd2 $142 37. Qxd2 (37. Rxf7 Be3 $11) 37... Bxd2 38. Rxf7 h4 39. Rf8+ (39. gxh4 Rxb2 40. Kh1 Bc3 $18) 39... Kg7 40. R1f7+ (40. gxh4 Rxb2 41. Re8 a5 $18) 40... Kg6 41. Rf6+ (41. gxh4 Rxb2 42. Rf6+ Kh5 $18) 41... Kg7 42. R8f7+ (42. gxh4 Ra5 $18) 42... Kg8) 37. exf6 1-0

[Event "87th Tata Steel Challengers 2025"]
[Site "Wijk aan Zee"]
[Date "2025.01.20"]
[Round "3.5"]
[White "Oro, Faustino"]
[Black "Bulmaga, Irina"]
[Result "1-0"]
[Annotator "TA"]
[ECO "D35"]
[WhiteElo "2447"]
[BlackElo "2386"]
[PlyCount "98"]
[EventDate "2025.01.13"]
[EventType "tourn"]
[EventCountry "NED"]
[SourceTitle "playchess.com"]
[Source "ChessBase"]
[SourceQuality "1"]
[TimeControl "40/6000+30:20/3000+30:900+30"]

1. d4 Nf6 2. c4 e6 3. Nc3 d5 4. cxd5 exd5 5. Bg5 c6 6. e3 Bf5 7. Qf3 Bg6 8. Bxf6 Qxf6 9. Qxf6 gxf6 10. h4 h5 11. Kd2 Nd7 12. Bd3 Bd6 13. Nh3 a5 14. Ne2 Ke7 15. Nhf4 Bxf4 16. Nxf4 Bxd3 17. Kxd3 Nb6 18. Rac1 Nc8 {[%emt 0:01:37] [#]} 19. e4 $1 dxe4+ 20. Kxe4 f5+ 21. Ke3 (21. Kxf5 $2 Nd6+ 22. Kg5 f6+ 23. Kg6 Rag8#) 21... Nb6 22. Rc5 Kf6 23. Rhc1 Nd7 24. R5c3 Rae8+ 25. Kf3 Re4 {[%emt 0:02:21] [#]} 26. Rd1 $1 Nf8 27. d5 {[%emt 0:07:47][%cal Bd4d5,Bd5d6][%mdl 32] Inhibits Ne6.} c5 28. g3 ({Inferior is} 28. Rxc5 Nd7 29. Nd3 (29. b4 $2 Ne5+ 30. Kg3 Rg8+ 31. Kh3 Rxf4 $19) 29... Nxc5 (29... Rxh4 30. Rxa5 Rc8 31. Rb5 $14) 30. Nxc5 Rb4 $19 (30... Rxh4 31. d6 $17)) 28... Nd7 29. d6 b5 30. Rd5 Re5 31. Re3 a4 32. Ke2 Rxe3+ 33. fxe3 $18 {[%emt 0:00:20][%mdl 4096] Endgame KRN-KRN} b4 34. Kd2 (34. e4 $18 fxe4 35. Nxh5+ Ke6 36. Nf4+ Kf6 37. h5) 34... Rh6 35. a3 {[%emt 0:04:10] White has more active pieces.} b3 $2 (35... Rh8 $16 36. axb4 cxb4) 36. Kc3 Rh8 37. Kc4 Re8 (37... Nb6+ 38. Kxc5 Nxd5 39. Kxd5 $16) 38. Nxh5+ Kg6 {[%emt 0:00:06] Hoping for ...Nb6+.} 39. Nf4+ Kf6 40. Kb5 Rc8 41. Ne2 ({Not} 41. Kxa4 Rb8 $16) 41... Ke6 42. Nf4+ (42. Rd1 $142) 42... Kf6 43. Rd1 (43. Kxa4 Nb6+ 44. Kb5 (44. Kxb3 Nxd5 45. Nxd5+ Ke6 $17) 44... Nxd5 45. Nxd5+ Ke5) 43... c4 44. Nd5+ (44. Kxa4 Ke5 45. Kb4 c3 $16) 44... Ke5 45. Nc3 (45. Kxa4 Rb8 46. Ka5 Nc5 $16) 45... Rg8 46. Nxa4 Rxg3 47. Kxc4 {[%emt 0:00:00] Black must now prevent Nc5.} Rxe3 (47... Rg4+ $142 48. Kb5 (48. Kxb3 f4 $18) (48. Rd4 Rxd4+ 49. exd4+ Kxd6 $18) 48... Ke6 49. Nc5+ Nxc5) 48. Nc5 Re4+ 49. Kb5 Rd4 1-0

[Event "87th Tata Steel Challengers 2025"]
[Site "Wijk aan Zee"]
[Date "2025.01.20"]
[Round "3.6"]
[White "Lu, Miaoyi"]
[Black "Svane, Frederik"]
[Result "1-0"]
[Annotator "TA"]
[ECO "C01"]
[WhiteElo "2429"]
[BlackElo "2664"]
[PlyCount "55"]
[EventDate "2025.01.13"]
[EventType "tourn"]
[EventCountry "NED"]
[SourceTitle "playchess.com"]
[Source "ChessBase"]
[SourceQuality "1"]
[TimeControl "40/6000+30:20/3000+30:900+30"]

1. e4 e6 2. d4 d5 3. exd5 exd5 4. Nf3 Nf6 5. Bd3 Bd6 6. O-O O-O 7. Bg5 Bg4 8. Nbd2 h6 9. Bh4 Nbd7 10. c4 dxc4 11. Nxc4 Nb6 12. Ne3 Be6 13. Bc2 Re8 14. Qd3 c6 15. Rfe1 Nbd7 16. Nf5 Bf8 17. Ne5 Nxe5 (17... g6 {keeps more tension.} 18. Qg3 Nxe5 19. dxe5 Nh5) 18. Rxe5 g6 19. Ng3 Bg7 {[%emt 0:06:43] Strongly threatening ...g5.} (19... g5 $5 20. Nh5 Bd6 $11 (20... gxh4 21. Nxf6+ Kg7 22. Nh5+ Kh8 23. Qh7#)) 20. Ne4 $1 {[%emt 0:01:06] and Re1 should not be overlooked} Bf5 $2 ({Better is} 20... g5 $14 21. Bg3 Nxe4 22. Rxe4 Qd7) 21. Bxf6 $18 Bxe4 22. Bxd8 Rxe5 23. Qc3 Re6 24. Ba5 Bxc2 25. Qxc2 Bxd4 26. Bc3 Rae8 27. Kf1 (27. Bxd4 $2 {leads to mate.} Re1+ 28. Rxe1 Rxe1#) 27... Bc5 28. Re1 1-0

[Event "87th Tata Steel Challengers 2025"]
[Site "Wijk aan Zee"]
[Date "2025.01.20"]
[Round "3.7"]
[White "Suleymanli, Aydin"]
[Black "Deshmukh, Divya"]
[Result "1-0"]
[Annotator "TA"]
[ECO "D02"]
[WhiteElo "2623"]
[BlackElo "2490"]
[PlyCount "61"]
[EventDate "2025.01.13"]
[EventType "tourn"]
[EventCountry "NED"]
[TimeControl "40/6000+30:20/3000+30:900+30"]

1. d4 d5 2. Bf4 Nf6 3. e3 e6 4. Nf3 Bd6 5. Ne5 O-O 6. Nd2 c5 7. c3 {[%emt 0:00:06] D02: 1 d4 d5 2 Nf3 sidelines, including 2...Nf6 3 g3 and 2...Nf6 3 Bf4.} Qc7 8. Bd3 b6 9. h4 {[%emt 0:04:54][%cal Bh2h4,Bh4h5,Bh5h6][%mdl 32] The position is equal.} Ba6 10. Bxa6 Nxa6 11. h5 Nd7 (11... h6 $5) 12. h6 g6 13. Nxd7 Qxd7 14. Qf3 f6 $146 (14... Be7 15. O-O Nb8 16. e4 Nc6 17. dxc5 bxc5 18. Rad1 Rad8 19. Nc4 d4 20. Qg4 f6 {1-0 Grabinsky,A (2399)-Yim,S (2207) Hollywood Classic  1st 2022 (6)}) 15. O-O Nc7 16. Bxd6 Qxd6 17. dxc5 bxc5 18. c4 a5 19. cxd5 exd5 20. Rfd1 a4 21. Rac1 Rad8 22. Nb1 Nb5 (22... Rfe8 $11) 23. Qe2 $16 Qc6 (23... Rb8 $16 24. Qc2 a3 25. bxa3 (25. Qxc5 axb2 26. Rc2 Qxc5 $11) (25. Nxa3 Nxa3 26. bxa3 Rbc8 $18) 25... Ra8) 24. Qc2 $18 c4 25. Qxa4 {[%emt 0:01:31] Nc3 is the strong threat.} Ra8 26. Qb4 Nd6 $2 (26... Rfb8 27. b3 Nd6) 27. Nc3 Rab8 {[%emt 0:02:23] [#]} 28. Nxd5 Qxd5 29. Qxd6 Qg5 (29... Qxd6 30. Rxd6 Rfc8) 30. Rxc4 Rxb2 {[%emt 0:00:14] [#]} 31. Rc8 $1 {[%emt 0:00:52][%mdl 512] Against Rb8.   Weighted Error Value: White=0.02 (flawless) /Black=0.75  Mistake:       	---       	Black=4      Inaccurate:     	---       	Black=2      OK:         	White=12    	Black=5      Best:        	White=3     	---} 1-0